 Dungeon Crawl Stone Soup version 0.21.1-1-g345015f (webtiles) character file.

9004 tidbits the Thaumaturge (level 11, -14/85 HPs)
             Began as a Gnoll Skald on June 19, 2018.
             Was a Believer of Cheibriados.
             Demolished by Urug
             ... wielding a +3 broad axe of flaming
              (40 damage)
             ... on level 11 of the Dungeon.
             The game lasted 00:27:04 (2115 turns).

tidbits the Thaumaturge (Gnoll Skald)               Turns: 2115, Time: 00:27:05

Health: -14/85     AC: 15    Str: 20    XL:     11   Next: 39%
Magic:  20/23      EV: 24    Int: 25    God:    Cheibriados [**....]
Gold:   251        SH:  0    Dex: 25    Spells: 16/26 levels left

rFire    + . .     SeeInvis .   a - +3 broad axe
rCold    . . .     Gourm    +   (no shield)
rNeg     . . .     Faith    .   B - +4 troll leather armour
rPois    .         Spirit   .   E - +0 helmet
rElec    .         Reflect  .   (no cloak)
rCorr    .         Harm     .   (no gloves)
MR       .....                  (no boots)
Stlth    +++++.....             u - amulet of the gourmand
HPRegen  0.64/turn              L - ring of protection from fire
MPRegen  0.18/turn              U - +5 ring of protection

@: agile, very slow
A: distributed training, fangs 1, strong nose
a: Bend Time, Renounce Religion


You were on level 11 of the Dungeon.
You worshipped Cheibriados.
Cheibriados was pleased with you.
You were not hungry.

You visited 2 branches of the dungeon, and saw 13 of its levels.
You also visited: Ice Cave.

You collected 270 gold pieces.
You spent 19 gold pieces at shops.

Inventory:

Hand Weapons
 a - a +3 broad axe (weapon)
 b - a +0 morningstar
 i - a +0 club
 o - a +0 hand axe
 s - a -1 war axe
 x - a +0 shortbow
 z - the +3 trident of Temperance {pierce, rElec rF+ Dex-5, unknown}
   (You found it on level 10 of the Dungeon)

   It inflicts extra damage upon your enemies.
   It affects your dexterity (-5).
   It protects you from fire.
   It insulates you from electricity.
 G - a +0 longbow
 P - a +0 dagger of protection
   (You took it off an orc wizard on level 9 of the Dungeon)
 R - a +0 dagger of protection
   (You found it on level 1 of the Dungeon)
Missiles
 y - 20 arrows
 O - a throwing net (quivered) {!f}
 Q - 6 tomahawks
Armour
 m - a +0 leather armour
 t - a +0 ring mail
 B - a +4 troll leather armour (worn)
 E - a +0 helmet (worn)
Magical Staves
 F - an uncursed staff of cold {unknown}
   (You found it on level 9 of the Dungeon)
Jewellery
 h - a +1 ring of evasion
   (You found it on level 2 of the Dungeon)
 q - an uncursed ring of ice
   (You found it on level 4 of the Dungeon)
 u - an amulet of the gourmand (around neck)
   (You found it on level 7 of the Dungeon)
 L - a ring of protection from fire (left hand)
   (You found it on level 9 of the Dungeon)
 U - a +5 ring of protection (right hand)
   (You found it on level 11 of the Dungeon)
Wands
 p - a wand of paralysis (1)
 w - a wand of enslavement (5)
 I - a wand of scattershot (3)
Scrolls
 f - a scroll of blinking
 g - 2 scrolls of amnesia
 n - a scroll of magic mapping
 v - a scroll of enchant armour
Potions
 e - a potion of lignification
 l - 2 potions of curing
 C - a potion of invisibility {unknown}
 J - a potion of agility
 N - a potion of might {unknown}
Books
 d - a book of Battle

   Spells                             Type                      Level
   a - Infusion                       Charms                       1
   b - Shroud of Golubria             Charms/Translocation         2
   c - Song of Slaying                Charms                       2
   d - Spectral Weapon                Hexes/Charms                 3
   e - Regeneration                   Charms/Necromancy            3
 k - a book of Misfortune
   (You found it on level 5 of the Dungeon)

   Spells                             Type                      Level
   a - Confusing Touch                Hexes                        1
   b - Confuse                        Hexes                        3
   c - Gell's Gravitas                Translocation                3
   d - Petrify                        Transmutation/Earth          4
   e - Metabolic Englaciation         Hexes/Ice                    5
   f - Yara's Violent Unravelling     Hexes/Transmutation          5
 K - a book of Power
   (You found it on level 9 of the Dungeon)

   Spells                             Type                      Level
   a - Iskenderun's Battlesphere      Conjuration/Charms           5
   b - Venom Bolt                     Conjuration/Poison           5
   c - Bolt of Magma                  Conjuration/Fire/Earth       5
   d - Iron Shot                      Conjuration/Earth            6
   e - Orb of Destruction             Conjuration                  7
   f - Spellforged Servitor           Conjuration/Summoning        7
Miscellaneous
 r - a lightning rod (1/4)
 H - a box of beasts
Comestibles
 c - 8 rations


   Skills:
 + Level 7.7 Fighting
 + Level 6.1 Short Blades
 + Level 6.1 Long Blades
 + Level 7.7 Axes
 + Level 6.1 Maces & Flails
 + Level 6.1 Polearms
 + Level 6.1 Staves
 + Level 6.1 Slings
 + Level 6.1 Bows
 + Level 6.1 Crossbows
 + Level 6.1 Throwing
 + Level 6.7 Armour
 + Level 7.7 Dodging
 + Level 6.1 Stealth
 + Level 6.1 Shields
 + Level 6.1 Unarmed Combat
 + Level 8.0 Spellcasting
 + Level 5.1 Conjurations
 + Level 5.1 Hexes
 + Level 7.5 Charms
 + Level 5.1 Summonings
 + Level 5.1 Necromancy
 + Level 5.1 Translocations
 + Level 5.1 Transmutations
 + Level 5.1 Fire Magic
 + Level 5.1 Ice Magic
 + Level 5.1 Air Magic
 + Level 5.1 Earth Magic
 + Level 5.1 Poison Magic
 + Level 6.7 Invocations
 + Level 6.1 Evocations


You had 16 spell levels left.
You knew the following spells:

 Your Spells              Type           Power        Failure   Level  Hunger
g - Shroud of Golubria    Chrm/Tloc      #####.....   1%          2    None
r - Regeneration          Chrm/Necr      #####.....   1%          3    None
w - Spectral Weapon       Hex/Chrm       #####...     1%          3    None
y - Song of Slaying       Chrm           #####...     1%          2    None


Dungeon Overview and Level Annotations

Branches:
Dungeon (12/15)            Temple (1/1) D:6
   Lair: D:8-11         Orc: D:9-12

Altars:
Cheibriados
Hepliaklqana
Qazlal
Ru
Sif Muna
Uskayaw
Vehumet
Xom
Zin

Shops:
D:4 [   D:5 *

Annotations:
D:2 Natasha
D:11 exclusion: downstairs, Urug
D:12 Rupert


Innate Abilities, Weirdness & Mutations

Your experience applies equally to all skills.
You have very sharp teeth.
Your uncanny sense of smell can sniff out nearby items.


Message History

The deep elf knight is moderately wounded.
You hit the orc knight but do no damage.
Your spectral weapon fades away.
The deep elf knight hits you.
The orc knight hits you with a scimitar!
Evoke which item? (* to show all) (? for menu, Esc to quit)
Aiming: Scattershot
Press: ? - help, Shift-Dir - straight line, f - wizard, p - orc knight
Aim: a wizard, wielding a long sword, wearing a leather armour and wearing a shield The burst of metal fragments hits the wizard. x2
The wizard blocks the burst of metal fragments.
The burst of metal fragments hits the wizard. x3
You kill the wizard!
Cheibriados appreciates the change of pace.
Your Conjurations skill increases to level 5!
Your Hexes skill increases to level 5!
Your Summonings skill increases to level 5!
Your Necromancy skill increases to level 5!
Your Translocations skill increases to level 5!
Your Transmutations skill increases to level 5!
Your Fire Magic skill increases to level 5!
Your Ice Magic skill increases to level 5!
Your Air Magic skill increases to level 5!
Your Earth Magic skill increases to level 5!
Your Poison Magic skill increases to level 5!
The deep elf knight gestures at you while chanting.
The stone arrow misses you.
The orc knight roars a battlecry!
The orc knight goes into a battle-frenzy!
The orc knight completely misses you.
Unknown command.
Evoke which item? (* to show all) (? for menu, Esc to quit)
Aiming: Scattershot
Press: ? - help, Shift-Dir - straight line, f - deep elf knight
Aim: a deep elf knight (moderately wounded)
The burst of metal fragments hits Urug.
The burst of metal fragments hits the deep elf knight. x2
You kill the deep elf knight!
Cheibriados appreciates the change of pace.
Cheibriados raises the support of your attributes as your movement slows.
Your Spellcasting skill increases to level 8!
The burst of metal fragments hits Urug. x2
Urug is moderately wounded.
Urug throws a poisoned javelin.
The poisoned javelin closely misses you.
Unknown command.
Press: ? - help, v - describe, . - travel, g - get item
Here: an orc knight, wielding a scimitar, wearing a chain mail and wearing a shield (unusually strong)
A runed shortbow.
There is something else lying underneath.
The floor, spattered with blood.
Unknown command.
Unknown command.
Wield which item (- for none, * to show all)? (? for menu, Esc to quit)
Okay, then.
Unknown command.
Evoke which item? (* to show all) (? for menu, Esc to quit)
Aiming: Paralyse
Press: ? - help, Shift-Dir - straight line, f - orc knight
Aim: an orc knight, wielding a scimitar, wearing a chain mail and wearing a shield (unusually strong, chance to defeat MR: 47%)
The orc knight resists with some effort.
The orc knight misses you.
Casting: Regeneration
Confirm with . or Enter, or press ? or * to list all spells.
You draw out your weapon's spirit!
The orc knight hits you with a rapier!!!
* * * LOW HITPOINT WARNING * * *
It was a potion of heal wounds.
You feel much better. The orc knight misses you.
Urug hits you with a broad axe of flaming!!
* * * LOW HITPOINT WARNING * * *
Urug burns you.
* * * LOW HITPOINT WARNING * * *
The orc knight barely misses you.
Unknown command.
Evoke which item? (* to show all) (? for menu, Esc to quit)
Okay, then.
Press: ? - help, v - describe, . - travel
Here: Urug, wielding a broad axe of flaming and wearing a scale mail (moderately wounded, unusually strong)
The floor.
Unknown command.
You barely miss the orc knight. Your bite misses the orc knight.
You closely miss the orc knight. You closely miss Urug.
Your spectral weapon hits the orc knight.
The orc knight misses you. Urug closely misses you. The orc knight misses you.
You feel much better. The orc knight closely misses you.
The orc knight hits you with a rapier!
* * * LOW HITPOINT WARNING * * *
You feel much better.
Urug hits you with a broad axe of flaming!!
* * * LOW HITPOINT WARNING * * *
Urug burns you.
* * * LOW HITPOINT WARNING * * *
The orc knight hits you with a scimitar.
* * * LOW HITPOINT WARNING * * *
You feel much better.
The orc knight no longer looks unusually strong.
The orc knight completely misses you.
Urug hits you with a broad axe of flaming!!!
You die...

####### ...... ..... .
..###. ..#(#
#######..###..
#####.(..@o)......
#.......(oo)......
########.................
.........................
(...........#######......
............#.....#......
............#.....#......
#...........#..)..#......
##########..'.....# ∆


You could see 2 orc knights, Urug, an enchanted double sword and a friendly
spectral broad axe.

Vanquished Creatures
  4 two-headed ogres
  A deep elf knight (D:11)
  A skeletal warrior (D:9)
  A wizard (D:11)
  2 cyclopes
  2 rime drakes (D:11)
  A komodo dragon (D:9)
  3 trolls
  A shadow (D:9)
  A vampire (D:11)
  A wyvern (D:11)
  3 hungry ghosts
  An ogre (D:9)
  Duvessa (D:7)
  2 sky beasts
  An eye of draining (D:9)
  2 orc warriors (D:9)
  A centaur (D:10)
  4 bullfrogs
  A wyvern zombie (D:9)
  Dowan (D:7)
  3 scorpions
  2 wights (D:9)
  A killer bee (D:9)
  4 crimson imps
  A centaur zombie (D:10)
  A bullfrog zombie (D:9)
  2 jellies
  A centaur skeleton (D:6)
  A hound (D:3)
  An orc priest (D:7)
  2 orc wizards (D:9)
  An iguana (D:4)
  2 worker ants
  2 worker ant zombies
  A gnoll (D:9)
  3 adders
  An adder skeleton (D:4)
  An adder zombie (D:9)
  2 leopard geckos
  8 orcs
  A ball python (D:1)
  A bat (D:3)
  A giant cockroach (D:3)
  2 goblins
  4 hobgoblins
  3 jackals (D:5)
  A quokka (D:6)
  3 frilled lizards
  A leopard gecko skeleton (D:5)
  A quokka skeleton (D:7)
  2 rats (D:1)
95 creatures vanquished.

Vanquished Creatures (others)
  A sky beast (D:9)
  A wight (D:9)
  A worker ant (D:9)
  A white imp (IceCv)
  2 plants (D:10)
6 creatures vanquished.

Grand Total: 101 creatures vanquished

Notes
Turn   | Place    | Note
-------+----------+-------------------------------------------
     0 | D:1      | tidbits the Gnoll Skald began the quest for the Orb.
     0 | D:1      | Reached XP level 1. HP: 20/20 MP: 6/6
   118 | D:2      | Noticed Natasha
   126 | D:3      | Reached XP level 2. HP: 18/26 MP: 3/7
   150 | D:3      | Reached skill level 5 in Spellcasting
   150 | D:3      | Reached XP level 3. HP: 13/31 MP: 0/9
   154 | D:3      | Learned a level 2 spell: Song of Slaying
   157 | D:3      | Learned a level 2 spell: Shroud of Golubria
   161 | D:3      | Learned a level 3 spell: Regeneration
   165 | D:3      | Learned a level 3 spell: Spectral Weapon
   196 | D:3      | Reached skill level 1 in Invocations
   213 | D:4      | Found Warex's Armour Shop.
   222 | D:4      | Bought a cursed +0 helmet for 19 gold pieces
   281 | D:5      | Entered Level 5 of the Dungeon
   318 | D:5      | HP: 2/31 [acid (5)]
   319 | D:5      | Reached skill level 1 in Short Blades
   319 | D:5      | Reached skill level 1 in Long Blades
   319 | D:5      | Reached skill level 1 in Maces & Flails
   319 | D:5      | Reached skill level 1 in Polearms
   319 | D:5      | Reached skill level 1 in Staves
   319 | D:5      | Reached skill level 1 in Slings
   319 | D:5      | Reached skill level 1 in Bows
   319 | D:5      | Reached skill level 1 in Crossbows
   319 | D:5      | Reached skill level 1 in Throwing
   319 | D:5      | Reached skill level 1 in Stealth
   319 | D:5      | Reached skill level 1 in Shields
   319 | D:5      | Reached skill level 1 in Unarmed Combat
   319 | D:5      | Reached skill level 1 in Evocations
   319 | D:5      | Reached XP level 4. HP: 2/38 MP: 7/11
   345 | D:5      | Found Zin's Purification Station.
   347 | D:5      | Found a glowing silver altar of Zin.
   370 | D:5      | Reached skill level 1 in Conjurations
   370 | D:5      | Reached skill level 1 in Hexes
   370 | D:5      | Reached skill level 1 in Summonings
   370 | D:5      | Reached skill level 1 in Necromancy
   370 | D:5      | Reached skill level 1 in Translocations
   370 | D:5      | Reached skill level 1 in Transmutations
   370 | D:5      | Reached skill level 1 in Fire Magic
   370 | D:5      | Reached skill level 1 in Ice Magic
   370 | D:5      | Reached skill level 1 in Air Magic
   370 | D:5      | Reached skill level 1 in Earth Magic
   370 | D:5      | Reached skill level 1 in Poison Magic
   465 | D:4      | Reached XP level 5. HP: 33/43 MP: 9/12
   617 | D:6      | Reached skill level 3 in Armour
   630 | D:6      | Found a staircase to the Ecumenical Temple.
   645 | Temple   | Entered the Ecumenical Temple
   653 | Temple   | Became a worshipper of Cheibriados the Contemplative
   711 | D:6      | Reached skill level 2 in Invocations
   711 | D:6      | Reached XP level 6. HP: 48/50 MP: 7/13
   741 | D:6      | Reached skill level 5 in Fighting
   741 | D:6      | Reached skill level 5 in Axes
   741 | D:6      | Reached skill level 5 in Dodging
   743 | D:6      | Reached skill level 2 in Short Blades
   743 | D:6      | Reached skill level 2 in Long Blades
   743 | D:6      | Reached skill level 2 in Maces & Flails
   743 | D:6      | Reached skill level 2 in Polearms
   743 | D:6      | Reached skill level 2 in Staves
   743 | D:6      | Reached skill level 2 in Slings
   743 | D:6      | Reached skill level 2 in Bows
   743 | D:6      | Reached skill level 2 in Crossbows
   743 | D:6      | Reached skill level 2 in Throwing
   743 | D:6      | Reached skill level 2 in Stealth
   743 | D:6      | Reached skill level 2 in Shields
   743 | D:6      | Reached skill level 2 in Unarmed Combat
   743 | D:6      | Reached skill level 2 in Evocations
   807 | D:7      | Noticed Duvessa
   807 | D:7      | Noticed Dowan
   817 | D:7      | Killed Duvessa
   817 | D:7      | Reached XP level 7. HP: 54/56 MP: 13/15
   820 | D:7      | Killed Dowan
   887 | D:8      | Noticed a two-headed ogre
   897 | D:8      | Killed a two-headed ogre
   897 | D:8      | Reached skill level 3 in Short Blades
   897 | D:8      | Reached skill level 3 in Long Blades
   897 | D:8      | Reached skill level 3 in Maces & Flails
   897 | D:8      | Reached skill level 3 in Polearms
   897 | D:8      | Reached skill level 3 in Staves
   897 | D:8      | Reached skill level 3 in Slings
   897 | D:8      | Reached skill level 3 in Bows
   897 | D:8      | Reached skill level 3 in Crossbows
   897 | D:8      | Reached skill level 3 in Throwing
   897 | D:8      | Reached skill level 4 in Armour
   897 | D:8      | Reached skill level 3 in Stealth
   897 | D:8      | Reached skill level 3 in Shields
   897 | D:8      | Reached skill level 3 in Unarmed Combat
   897 | D:8      | Reached skill level 6 in Spellcasting
   897 | D:8      | Reached skill level 2 in Conjurations
   897 | D:8      | Reached skill level 2 in Hexes
   897 | D:8      | Reached skill level 6 in Charms
   897 | D:8      | Reached skill level 2 in Summonings
   897 | D:8      | Reached skill level 2 in Necromancy
   897 | D:8      | Reached skill level 2 in Translocations
   897 | D:8      | Reached skill level 2 in Transmutations
   897 | D:8      | Reached skill level 2 in Fire Magic
   897 | D:8      | Reached skill level 2 in Ice Magic
   897 | D:8      | Reached skill level 2 in Air Magic
   897 | D:8      | Reached skill level 2 in Earth Magic
   897 | D:8      | Reached skill level 2 in Poison Magic
   897 | D:8      | Reached skill level 3 in Invocations
   897 | D:8      | Reached skill level 3 in Evocations
   897 | D:8      | Reached XP level 8. HP: 64/64 MP: 15/17
  1081 | D:10     | Entered Level 10 of the Dungeon
  1109 | D:10     | Noticed a two-headed ogre
  1117 | D:10     | Killed a two-headed ogre
  1117 | D:10     | Reached skill level 6 in Fighting
  1117 | D:10     | Reached skill level 4 in Short Blades
  1117 | D:10     | Reached skill level 4 in Long Blades
  1117 | D:10     | Reached skill level 6 in Axes
  1117 | D:10     | Reached skill level 4 in Maces & Flails
  1117 | D:10     | Reached skill level 4 in Polearms
  1117 | D:10     | Reached skill level 4 in Staves
  1117 | D:10     | Reached skill level 4 in Slings
  1117 | D:10     | Reached skill level 4 in Bows
  1117 | D:10     | Reached skill level 4 in Crossbows
  1117 | D:10     | Reached skill level 4 in Throwing
  1117 | D:10     | Reached skill level 6 in Dodging
  1117 | D:10     | Reached skill level 4 in Stealth
  1117 | D:10     | Reached skill level 4 in Shields
  1117 | D:10     | Reached skill level 4 in Unarmed Combat
  1117 | D:10     | Reached skill level 3 in Conjurations
  1117 | D:10     | Reached skill level 3 in Hexes
  1117 | D:10     | Reached skill level 3 in Summonings
  1117 | D:10     | Reached skill level 3 in Necromancy
  1117 | D:10     | Reached skill level 3 in Translocations
  1117 | D:10     | Reached skill level 3 in Transmutations
  1117 | D:10     | Reached skill level 3 in Fire Magic
  1117 | D:10     | Reached skill level 3 in Ice Magic
  1117 | D:10     | Reached skill level 3 in Air Magic
  1117 | D:10     | Reached skill level 3 in Earth Magic
  1117 | D:10     | Reached skill level 3 in Poison Magic
  1117 | D:10     | Reached skill level 4 in Invocations
  1117 | D:10     | Reached skill level 4 in Evocations
  1117 | D:10     | Reached XP level 9. HP: 67/69 MP: 18/18
  1165 | D:11     | Noticed a four-headed hydra
  1208 | D:10     | Reached skill level 5 in Armour
  1238 | D:11     | Noticed a rime drake
  1242 | D:11     | Noticed a rime drake
  1246 | D:11     | Killed a rime drake
  1256 | D:11     | Killed a rime drake
  1256 | D:11     | Reached * piety under Cheibriados
  1258 | D:11     | Found a frozen archway.
  1281 | IceCv    | Entered an ice cave
  1313 | D:11     | Reached skill level 5 in Invocations
  1351 | D:12     | Noticed a cyclops
  1379 | D:11     | Noticed a troll
  1392 | D:11     | Killed a troll
  1392 | D:11     | Reached skill level 7 in Spellcasting
  1392 | D:11     | Reached XP level 10. HP: 76/77 MP: 16/20
  1414 | D:12     | Noticed Rupert
  1487 | D:11     | Reached skill level 4 in Conjurations
  1487 | D:11     | Reached skill level 4 in Hexes
  1487 | D:11     | Reached skill level 4 in Summonings
  1487 | D:11     | Reached skill level 4 in Necromancy
  1487 | D:11     | Reached skill level 4 in Translocations
  1487 | D:11     | Reached skill level 4 in Transmutations
  1487 | D:11     | Reached skill level 4 in Fire Magic
  1487 | D:11     | Reached skill level 4 in Ice Magic
  1487 | D:11     | Reached skill level 4 in Air Magic
  1487 | D:11     | Reached skill level 4 in Earth Magic
  1487 | D:11     | Reached skill level 4 in Poison Magic
  1525 | D:10     | Got a slimy trident
  1621 | D:9      | Noticed a skeletal warrior
  1621 | D:9      | Noticed a cyclops
  1632 | D:9      | Killed a cyclops
  1632 | D:9      | Reached skill level 5 in Short Blades
  1632 | D:9      | Reached skill level 5 in Long Blades
  1632 | D:9      | Reached skill level 5 in Maces & Flails
  1632 | D:9      | Reached skill level 5 in Polearms
  1632 | D:9      | Reached skill level 5 in Staves
  1632 | D:9      | Reached skill level 5 in Slings
  1632 | D:9      | Reached skill level 5 in Bows
  1632 | D:9      | Reached skill level 5 in Crossbows
  1632 | D:9      | Reached skill level 5 in Throwing
  1632 | D:9      | Reached skill level 5 in Stealth
  1632 | D:9      | Reached skill level 5 in Shields
  1632 | D:9      | Reached skill level 5 in Unarmed Combat
  1632 | D:9      | Reached skill level 5 in Evocations
  1633 | D:9      | Killed a skeletal warrior
  1633 | D:9      | Reached skill level 7 in Fighting
  1633 | D:9      | Reached skill level 7 in Axes
  1633 | D:9      | Reached skill level 7 in Dodging
  1633 | D:9      | Reached skill level 7 in Charms
  1647 | D:9      | Reached skill level 6 in Armour
  1763 | D:9      | Noticed a two-headed ogre
  1764 | D:9      | Killed a two-headed ogre
  1764 | D:9      | Reached ** piety under Cheibriados
  1764 | D:9      | Reached skill level 6 in Invocations
  1831 | D:9      | Reached XP level 11. HP: 63/84 MP: 14/22
  2060 | D:11     | Noticed a cyclops
  2064 | D:11     | Killed a cyclops
  2078 | D:11     | Noticed a two-headed ogre
  2086 | D:11     | Killed a two-headed ogre
  2086 | D:11     | Reached skill level 6 in Short Blades
  2086 | D:11     | Reached skill level 6 in Long Blades
  2086 | D:11     | Reached skill level 6 in Maces & Flails
  2086 | D:11     | Reached skill level 6 in Polearms
  2086 | D:11     | Reached skill level 6 in Staves
  2086 | D:11     | Reached skill level 6 in Slings
  2086 | D:11     | Reached skill level 6 in Bows
  2086 | D:11     | Reached skill level 6 in Crossbows
  2086 | D:11     | Reached skill level 6 in Throwing
  2086 | D:11     | Reached skill level 6 in Stealth
  2086 | D:11     | Reached skill level 6 in Shields
  2086 | D:11     | Reached skill level 6 in Unarmed Combat
  2086 | D:11     | Reached skill level 6 in Evocations
  2096 | D:11     | Noticed a deep elf knight
  2098 | D:11     | Noticed an enchanted double sword
  2101 | D:11     | Noticed an orc knight
  2101 | D:11     | Noticed a wizard
  2101 | D:11     | Noticed an orc knight
  2101 | D:11     | Noticed Urug
  2106 | D:11     | Killed a wizard
  2106 | D:11     | Reached skill level 5 in Conjurations
  2106 | D:11     | Reached skill level 5 in Hexes
  2106 | D:11     | Reached skill level 5 in Summonings
  2106 | D:11     | Reached skill level 5 in Necromancy
  2106 | D:11     | Reached skill level 5 in Translocations
  2106 | D:11     | Reached skill level 5 in Transmutations
  2106 | D:11     | Reached skill level 5 in Fire Magic
  2106 | D:11     | Reached skill level 5 in Ice Magic
  2106 | D:11     | Reached skill level 5 in Air Magic
  2106 | D:11     | Reached skill level 5 in Earth Magic
  2106 | D:11     | Reached skill level 5 in Poison Magic
  2107 | D:11     | Killed a deep elf knight
  2107 | D:11     | Reached skill level 8 in Spellcasting
  2115 | D:11     | Demolished by Urug

Skill      XL: |  1  2  3  4  5  6  7  8  9 10 11 |
---------------+----------------------------------+-----
Spellcasting   | 5 6 7 8 |  8.0
Invocations    | 1 2 3 4 5 6 |  6.7
Short Blades   | 1 2 3 4 5 6 |  6.1
Long Blades    | 1 2 3 4 5 6 |  6.1
Maces & Flails | 1 2 3 4 5 6 |  6.1
Polearms       | 1 2 3 4 5 6 |  6.1
Staves         | 1 2 3 4 5 6 |  6.1
Slings         | 1 2 3 4 5 6 |  6.1
Bows           | 1 2 3 4 5 6 |  6.1
Crossbows      | 1 2 3 4 5 6 |  6.1
Throwing       | 1 2 3 4 5 6 |  6.1
Stealth        | 1 2 3 4 5 6 |  6.1
Shields        | 1 2 3 4 5 6 |  6.1
Unarmed Combat | 1 2 3 4 5 6 |  6.1
Evocations     | 1 2 3 4 5 6 |  6.1
Conjurations   | 1 2 3 4 5 |  5.1
Hexes          | 1 2 3 4 5 |  5.1
Summonings     | 1 2 3 4 5 |  5.1
Necromancy     | 1 2 3 4 5 |  5.1
Translocations | 1 2 3 4 5 |  5.1
Transmutations | 1 2 3 4 5 |  5.1
Fire Magic     | 1 2 3 4 5 |  5.1
Ice Magic      | 1 2 3 4 5 |  5.1
Air Magic      | 1 2 3 4 5 |  5.1
Earth Magic    | 1 2 3 4 5 |  5.1
Poison Magic   | 1 2 3 4 5 |  5.1
Armour         | 3 4 5 6 |  6.7
Fighting       | 5 6 7 |  7.7
Axes           | 5 6 7 |  7.7
Dodging        | 5 6 7 |  7.7
Charms         | 6 7 |  7.5

Action                   |  1- 3 |  4- 6 |  7- 9 | 10-12 || total
-------------------------+-------+-------+-------+-------++-------
Melee: Hand axe          |    37 |    17 |       |       ||    54
       Bite              |     4 |     6 |     8 |    10 ||    28
       Dagger            |       |     8 |    11 |       ||    19
       Morningstar       |       |    33 |    24 |       ||    57
       Punch             |       |     1 |     5 |     4 ||    10
       War axe           |       |       |    26 |   103 ||   129
       Broad axe         |       |       |       |    10 ||    10
 Cast: Infusion          |     7 |       |       |       ||     7
       Spectral Weapon   |       |     9 |     9 |    16 ||    34
       Regeneration      |       |     3 |     5 |     5 ||    13
       Shroud of Golubri |       |     1 |     5 |     3 ||     9
Evoke: Wand              |     1 |     5 |     6 |    10 ||    22
       Lightning rod     |       |       |       |     5 ||     5
  Use: Potion            |     1 |       |     1 |     7 ||     9
       Scroll            |       |       |     5 |     9 ||    14
 Stab: Paralysed         |     7 |     8 |    11 |       ||    26
       Distracted        |       |       |       |     3 ||     3
       Sleeping          |       |       |       |     1 ||     1
  Eat: Chunk             |       |     1 |       |     2 ||     3
       Ration            |       |       |     1 |       ||     1
Armor: Leather armour    |     2 |    10 |    11 |       ||    23
       Skin              |       |       |    19 |    39 ||    58
       Troll leather arm |       |       |       |    15 ||    15
Dodge: Dodged            |    16 |    45 |    35 |    95 ||   191

Table legend:
 A = Turns spent in this place as a percentage of turns spent in the entire game.
 B = Non-inter-level travel turns spent in this place as a percentage of non-inter-level travel turns spent in the entire game.
 C = Inter-level travel turns spent in this place as a percentage of turns spent in this place.
 D = Turns resting spent in this place as a percentage of non-inter-level travel turns spent in this place.
 E = Turns spent auto-exploring this place as a percentage of non-inter-level travel turns spent in this place.
 F = Non-inter-level travel turns spent in this place divided by the number of levels of this place that you've seen.
                   A       B       C       D       E      F
               +-------+-------+-------+-------+-------+----------------------
         Total | 100.0 | 100.0 |   0.0 |   0.0 |   0.0 | 151.1
       Dungeon |  98.5 |  98.5 |   0.0 |   0.0 |   0.0 | 173.7
        Temple |   0.8 |   0.8 |   0.0 |   0.0 |   0.0 |  17.0
      Ice Cave |   0.7 |   0.7 |   0.0 |   0.0 |   0.0 |  14.0
               +-------+-------+-------+-------+-------+----------------------

Table legend:
 A = Kills in this place as a percentage of kills in entire the game.
 B = Kills by you in this place as a percentage of kills by you in the entire game.
 C = Kills by friends in this place as a percentage of kills by friends in the entire game.
 D = Other kills in this place as a percentage of other kills in the entire game.
 E = Experience gained in this place as a percentage of experience gained in the entire game.
 F = Experience gained in this place divided by the number of levels of this place that you have seen.
                   A       B       C       D       E      F
               +-------+-------+-------+-------+-------+----------------------
         Total | 100.0 | 100.0 |   N/A |   N/A | 100.0 | 918.9
       Dungeon | 100.0 | 100.0 |   N/A |   N/A | 100.0 | 1072.0
               +-------+-------+-------+-------+-------+----------------------

Vault maps used:
D:1:      eino_arrival_cavern_e, serial_bayou_pond_d, cheibriados_altar_1
D:2:      lemuel_doored_altar, minmay_overflow_temple_star_quad, first_ration,
          uniq_terence, uniq_sigmund, uniq_natasha
D:3:      grunt_temple_overflow_open
D:4:      makhleb_grotto_becter, marbit_many_paths, serial_shops,
          nicolae_shop_statue_plus
D:5:      zin_purify
D:6:      grunt_gozag_breadcrumbs, temple_pool_b,
          minmay_guarded_unrand_vampires_tooth
D:7:      uniq_duvessa, uniq_joseph
D:9:      minmay_the_grid_octo_triangle, nicolae_overflow_crystal_walls,
          serial_undead, serial_undead_a, serial_undead_e, serial_undead_a,
          serial_undead_d, hangedman_fish_farm
D:10:     david_lair_shrubbed, orc_0_dummy, fedhas_altar_1
D:11:     portal_ice_cave_rime, kennysheep_decorative_pillar, sword_in_stone
D:12:     minmay_tearing_corner, basic_altar, uniq_rupert
Temple:   eino_temple_lava
IceCv:    ice_cave_small_demon
